 Dungeon Crawl Stone Soup version 0.28-a0-1395-g4f6bc678fa (webtiles) character file.

Game seed: 14602478844229726825

343 AverageBear the Chopper (level 6, -3/55 HPs)
             Began as a Deep Dwarf Fighter on Jan 5, 2022.
             Slain by an ogre (23 damage)
             ... on level 4 of the Dungeon.
             The game lasted 00:03:12 (2163 turns).

AverageBear the Chopper (Deep Dwarf Fighter)        Turns: 2163, Time: 00:03:12

Health: -3/55      AC:  9    Str: 21      XL:     6   Next: 31%
Magic:  15/15 (6)  EV:  9    Int:  9      God:
Gold:   53         SH:  4    Dex: 11 (12) Spells: 5/5 levels left

rFire   . . .      SeeInvis .   a - +0 war axe
rCold   . . .      Faith    .   c - +0 buckler
rNeg    . . .      Spirit   .   b - +0 scale mail
rPois   .          Reflect  .   j - +0 helmet
rElec   .          Harm     .   h - +0 cloak
rCorr   .          Rampage  .   (no gloves)
Will    .....                   (no boots)
Stlth   ..........              (no amulet)
HPRegen 0.00/turn               f - ring of magical power
MPRegen 0.14/turn               (no ring)

@: no status effects
A: damage resistance, heal wounds, sense surroundings 1, no regeneration
a: Heal Wounds


You were on level 4 of the Dungeon.
You visited 1 branch of the dungeon, and saw 4 of its levels.

You collected 53 gold pieces.

Inventory:

Hand Weapons
 a - a +0 war axe (weapon)
Armour
 b - a +0 scale mail (worn)
 c - a +0 buckler (worn)
 h - a +0 cloak (worn)
 j - a +0 helmet (worn)
Jewellery
 f - a ring of magical power (left hand)
Wands
 d - a wand of polymorph (5)
Scrolls
 g - a scroll of vulnerability
 k - a scroll of teleportation
Potions
 e - a potion of invisibility
 i - 3 potions of curing
 l - a potion of attraction {unknown}


   Skills:
 - Level 2.6 Fighting
 - Level 7.3 Axes
 - Level 3.2 Armour
 + Level 3.5 Shields


You had 5 spell levels left.
You didn't know any spells.
Your spell library contained the following spells:

 Spells                   Type           Power      Damage    Failure   Level
 Summon Small Mammal      Summ           0%         N/A       75%         1
 Call Canine Familiar     Summ           0%         N/A       98%         3
 Conjure Flame            Conj/Fire      0%         6-21      98%         3
 Ignite Poison            Fire/Tmut/Pois 0%         N/A       98%         3
 Summon Guardian Golem    Hex/Summ       0%         N/A       98%         3
 Sticky Flame             Conj/Fire      0%         2d3       100%        4
 Summon Lightning Spire   Summ/Air       0%         N/A       100%        4
 Storm Form               Tmut/Air       0%         N/A       100%        7
 Maxwell's Capacitive Co  Air            0%         ∞         100%        8


Dungeon Overview and Level Annotations

Branches:
Dungeon (4/15)
 Temple: D:4-7

Altars:


Innate Abilities, Weirdness & Mutations

You are resistant to damage.
You can heal yourself by infusing magical energy.
You passively map a small area around you.
You do not regenerate.


Message History

You hit the worm.
The worm is severely wounded.
You barely miss the worm.
The worm is severely wounded.
The worm barely misses you.
You hit the worm but do no damage.
The worm is heavily wounded.
The worm bites you.
You barely miss the worm.
The worm is heavily wounded.
You hit the worm.
The worm is almost dead.
The worm bites you but does no damage.
You slash the worm!
You kill the worm!
No target in view!
No target in view!
No target in view!
An ogre comes into view. It is wielding a +0 giant club.
The ogre shouts!
You see here a worm corpse.
You see here a worm corpse.
Okay, then.
Okay, then.
The ogre closely misses you.
You barely miss the ogre. You completely miss the ogre.
The ogre hits you with a +0 giant club.
You hit the ogre but do no damage.
The ogre hits you with a +0 giant club!!
You hit the ogre but do no damage. The ogre hits you but does no damage.
You slash the ogre!
The ogre is heavily wounded.
The ogre closely misses you.
You hit the ogre but do no damage.
The ogre is heavily wounded.
The ogre hits you with a +0 giant club!
You barely miss the ogre.
The ogre is heavily wounded.
The ogre hits you with a +0 giant club!!
You die...

, , #.# , , ## #.# * *
#.# #.# #.##.# **
#.#.## , , * # #....#
* , *
#...#.#..#######.# ,,
, .?.....<...†.@O..#,
*
.....................,
,
......##.#########.##
, ....##*#.# ... * #.#
* .. #.# * ., #.# * ,
,* #.# *


You could see an ogre.

Vanquished Creatures
  Grinder (D:3)
  Robin (D:2)
  6 adders
  3 worms
  7 ball pythons
  4 endoplasms
  4 giant cockroaches
  18 goblins
  11 hobgoblins
  2 quokkas
  8 bats
  3 frilled lizards
  9 kobolds
77 creatures vanquished.

Notes
Turn   | Place    | Note
-------+----------+-------------------------------------------
     0 | D:1      | AverageBear the Deep Dwarf Fighter began the quest for the
                  | Orb.
     0 | D:1      | Reached XP level 1. HP: 20/20 MP: 1/1
   148 | D:1      | Reached skill level 3 in Axes
   148 | D:1      | Reached XP level 2. HP: 17/27 MP: 2/2
   612 | D:2      | Reached XP level 3. HP: 19/33 MP: 3/3
   626 | D:2      | Noticed Robin
   639 | D:2      | Reached skill level 4 in Axes
   662 | D:2      | Killed Robin
   715 | D:2      | Found a faded altar of an unknown god.
   930 | D:2      | Reached XP level 4. HP: 27/40 MP: 4/4
  1280 | D:2      | Reached skill level 5 in Axes
  1596 | D:3      | Noticed Grinder
  1610 | D:3      | Killed Grinder
  1611 | D:3      | Reached skill level 7 in Axes
  1611 | D:3      | Reached XP level 5. HP: 46/46 MP: 5/5
  1611 | D:3      | Reached XP level 6. HP: 55/55 MP: 6/6
  2163 | D:4      | Slain by an ogre

Illustrated notes

Levels and vault maps discovered:
D:1:      minmay_arrival_four_houses, layout_rooms
D:2:      layout_basic, basic_ecumenical_altar, uniq_robin
D:3:      layout_loops_cross, grunt_ministairs_13,
          ebering_dispersal_statue_hall, uniq_grinder
D:4:      layout_loops_ring, lemuel_mausoleum_altar_kikubaaqudgha,
          gammafunk_ghost_cemetery, uniq_duvessa

Skill      XL: |  1  2  3  4 |
---------------+-------------+-----
Axes           | 3 4 7 |  7.3
Fighting       | |  2.6
Armour         | |  3.2
Shields        | |  3.5

Action                   |  1- 3 |  4- 6 || total
-------------------------+-------+-------++-------
Melee: War axe           |   120 |    74 ||   194
 Abil: Heal Wounds       |     1 |     3 ||     4
  Use: Scroll            |     2 |     2 ||     4
       Potion            |       |     2 ||     2
Armor: Scale mail        |    69 |    43 ||   112
Dodge: Dodged            |    52 |    27 ||    79
Block: Buckler           |    19 |    15 ||    34

Table legend: (Time is in decaauts)
 A = Elapsed time spent in this place.
 B = Non-inter-level travel time spent in this place.
 C = Inter-level travel time spent in this place.
 D = Time resting spent in this place.
 E = Time spent auto-exploring this place.
 F = Levels seen in this place.
 G = Mean time per level.
                   A        B        C        D        E       F      G
               +--------+--------+--------+--------+--------+-----+--------+
         Total |   2215 |   2141 |     74 |      0 |   1600 |   4 |  553.8 |
       Dungeon |   2215 |   2141 |     74 |      0 |   1600 |   4 |  553.8 |
               +--------+--------+--------+--------+--------+-----+--------+

Top non-repeatable levels by time:
     D:2: 862 daAuts
     D:3: 710 daAuts
     D:1: 618 daAuts
     D:4: 24 daAuts
